[Event "ICC tourney 3043 (15 5)"]
[Site "Internet Chess Club"]
[Date "2022.10.30"]
[Round "5"]
[White "WU, MARCUS:MarcusWu-W"]
[Black "ZHEN JR, ANDREW:AndrewZhen-W"]
[Result "1-0"]
[ICCResult "Black checkmated"]
[WhiteElo "510"]
[BlackElo "827"]
[Opening "Giuoco Pianissimo: Italian four knights variation"]
[ECO "C50"]
[NIC "IG.02"]
[Time "16:30:12"]
[PlyCount "169"]
[TimeControl "900+5"]

1. e4 e5 2. Nf3 Nc6 3. Bc4 Bc5 4. Nc3 Nf6 5. d3 h6 6. O-O O-O 7. h3 d6 8.
Na4 Bb6 9. Nxb6 axb6 10. a3 Be6 11. Bxe6 fxe6 12. Re1 Ne7 13. Bd2 Ng6 14. d4
exd4 15. Nxd4 Qd7 16. Bc3 e5 17. Nf5 Nxe4 18. Rxe4 Qxf5 19. Re2 Qe6 20. Qd2
Nf4 21. Re3 Qd5 22. Qxd5+ Nxd5 23. Rg3 Nxc3 24. Rxc3 Rf7 25. Re1 Raf8 26.
Rf1 c6 27. Rb3 b5 28. Rd3 d5 29. Rb3 e4 30. Re3 Kh7 31. c3 Kg6 32. Rg3+ Kf6
33. Re3 Kg5 34. Rg3+ Kf6 35. Re3 g5 36. b3 Ke6 37. Rg3 Kd6 38. a4 bxa4 39.
bxa4 Kc5 40. Re3 Kb6 41. Re2 Ka5 42. Ra2 Ra8 43. Rc1 Kb6 44. c4 d4 45. c5+
Ka5 46. Rc4 Rd7 47. Rd2 Rad8 48. Re2 b5 49. axb5 cxb5 50. Rc1 Re7 51. c6 Rc8
52. Rd2 d3 53. f3 exf3 54. gxf3 Kb6 55. Rxd3 Rxc6 56. Rxc6+ Kxc6 57. Kf2 Rb7
58. Rc3+ Kd5 59. Rd3+ Kc4 60. Re3 Rb6 61. Re4+ Kd5 62. Kg3 b4 63. h4 gxh4+
64. Rxh4 b3 65. Rh5+ Ke6 66. Rxh6+ Kd5 67. Rxb6 Kc4 68. f4 Kc3 69. f5 Kc2
70. f6 b2 71. Rxb2+ Kxb2 72. f7 Kc3 73. f8=Q Kd4 74. Qf6+ Ke4 75. Kg4 Ke3
76. Qf5 Ke2 77. Qf3+ Kd2 78. Kf4 Kc2 79. Ke4 Kd2 80. Qe3+ Kc2 81. Kd4 Kb2
82. Qc3+ Kb1 83. Qd2 Ka1 84. Kc3 Kb1 85. Qb2# {Black checkmated} 1-0

[Event "ICC tourney 3043 (15 5)"]
[Site "Internet Chess Club"]
[Date "2022.10.30"]
[Round "6"]
[White "WANG, WILLIAM:WilliamWang-W"]
[Black "XING LIU, CLARA:ClaraLiu-W"]
[Result "0-1"]
[ICCResult "White checkmated"]
[WhiteElo "131"]
[BlackElo "279"]
[Opening "Petrov: Damiano variation"]
[ECO "C42"]
[NIC "RG.03"]
[Time "17:30:49"]
[PlyCount "30"]
[TimeControl "900+5"]

1. e4 e5 2. Nf3 Nf6 3. Nxe5 Nxe4 4. Qh5 Qe7 5. d3 Nf6 6. Qe2 Qd8 7. Bg5 Bb4+
8. c3 O-O 9. Qf3 Ba5 10. Qg3 Re8 11. Bh6 Rxe5+ 12. Be2 Nh5 13. Qg4 Qe8 14.
Qg3 Rxe2+ 15. Kf1 Re1# {White checkmated} 0-1

[Event "ICC tourney 3043 (15 5)"]
[Site "Internet Chess Club"]
[Date "2022.10.30"]
[Round "6"]
[White "RUNNAN FAN, LYDIA:LydiaFan-W"]
[Black "HU, DARREN:DarrenHu-W"]
[Result "0-1"]
[ICCResult "White checkmated"]
[WhiteElo "176"]
[BlackElo "118"]
[Opening "Four knights: Spanish, classical defense"]
[ECO "C48"]
[NIC "KP.03"]
[Time "17:30:27"]
[PlyCount "62"]
[TimeControl "900+5"]

1. e4 e5 2. Nf3 Nc6 3. Nc3 Nf6 4. Bb5 Bc5 5. Bxc6 bxc6 6. O-O O-O 7. d3 Nh5
8. Bg5 Bb7 9. Bxd8 Raxd8 10. a4 Ba6 11. Nxe5 Rfe8 12. Qxh5 Rf8 13. Ra3 g6
14. Qf3 Bxa3 15. bxa3 Rde8 16. Nd5 cxd5 17. exd5 Rxe5 18. Qg3 Rxd5 19. Qf3
Ra5 20. Qd5 Rxa4 21. Ra1 c6 22. Qf3 Rb4 23. c3 Rb3 24. Qd1 Rxc3 25. Qb3 Rxd3
26. Qc3 Rxc3 27. Rd1 Rd8 28. Rd4 d5 29. Ra4 Bb5 30. Ra6 Bxa6 31. a4 Rc1#
{White checkmated}
0-1

[Event "ICC tourney 3043 (15 5)"]
[Site "Internet Chess Club"]
[Date "2022.10.30"]
[Round "6"]
[White "TIAN, ZIPENG:ZipengTian-W"]
[Black "XING LIU, BRANDON:BrandonLiu-W"]
[Result "1-0"]
[ICCResult "Black checkmated"]
[WhiteElo "765"]
[BlackElo "970"]
[Opening "French defense"]
[ECO "C00"]
[NIC "FR.01"]
[Time "17:30:28"]
[PlyCount "59"]
[TimeControl "900+5"]

1. e4 e6 2. Nc3 d5 3. exd5 exd5 4. Nf3 Nf6 5. d4 Bd6 6. Bd3 O-O 7. Be3 Be6
8. Qd2 Nbd7 9. O-O-O c5 10. Ng5 Re8 11. Nxe6 Rxe6 12. Bg5 h6 13. Bxf6 Qxf6
14. dxc5 Nxc5 15. Nxd5 Qh4 16. Bc4 Bf4 17. Nxf4 Re4 18. Bxf7+ Kh8 19. Ng6+
Kh7 20. Nxh4 Rxh4 21. g3 Ne4 22. Qd3 Rg4 23. f3 Kh8 24. fxe4 Rf8 25. Bh5 Rg5
26. Rhf1 Rxf1 27. Rxf1 Rxh5 28. Rf8+ Kh7 29. e5+ g6 30. Qd7# {Black
checkmated} 1-0

[Event "ICC tourney 3043 (15 5)"]
[Site "Internet Chess Club"]
[Date "2022.10.30"]
[Round "6"]
[White "SUANYU LI, RYAN:RyanLi-W"]
[Black "FU, SCOTT:ScottFu-W"]
[Result "0-1"]
[ICCResult "White checkmated"]
[WhiteElo "286"]
[BlackElo "577"]
[Opening "two knights defense: Kieseritsky variation"]
[ECO "C58"]
[NIC "KP.01"]
[Time "17:31:08"]
[PlyCount "48"]
[TimeControl "900+5"]

1. e4 e5 2. Nf3 Nc6 3. Bc4 Nf6 4. Ng5 d5 5. exd5 Na5 6. d3 Nxc4 7. dxc4 h6
8. Nf3 Bc5 9. O-O Bg4 10. Re1 Bd6 11. Qd2 Bxf3 12. gxf3 O-O 13. Qd3 Re8 14.
Kf1 Bc5 15. Be3 Bd6 16. Bd2 Nd7 17. Be3 Nc5 18. Bxc5 Bxc5 19. Qb3 b6 20. Qb5
Qh4 21. Kg1 Qxf2+ 22. Kh1 Qxe1+ 23. Kg2 Qf2+ 24. Kh1 Qxf3# {White
checkmated} 0-1

[Event "ICC tourney 3043 (15 5)"]
[Site "Internet Chess Club"]
[Date "2022.10.30"]
[Round "6"]
[White "LIANG, MINGYOU:MingyouLiang-W"]
[Black "ZHAO, JUSTIN:JustinZhao-W"]
[Result "1-0"]
[ICCResult "Black checkmated"]
[WhiteElo "283"]
[BlackElo "808"]
[Opening "Giuoco Piano: four knights variation"]
[ECO "C47"]
[NIC "KP.06"]
[Time "17:30:30"]
[PlyCount "99"]
[TimeControl "900+5"]

1. e4 e5 2. Nf3 Nc6 3. Nc3 Nf6 4. Bc4 Bc5 5. O-O d6 6. d3 Bg4 7. Be3 Nd4 8.
Bxd4 Bxd4 9. h3 Bh5 10. Nb5 Bxb2 11. Rb1 Bd4 12. Nbxd4 exd4 13. Rxb7 O-O 14.
Rb1 d5 15. exd5 Nxd5 16. Rb5 c6 17. Rc5 Qd6 18. Ra5 c5 19. Bxd5 Qxd5 20. c4
Qg5 21. Kh1 Rac8 22. Rxa7 h6 23. h4 Bxf3 24. hxg5 Bxd1 25. Rxd1 hxg5 26. Re1
Rfe8 27. Rxe8+ Rxe8 28. Rc7 Re1+ 29. Kh2 Re2 30. Rxc5 Rxf2 31. Rxg5 Rxa2 32.
Rg4 Kh7 33. Rxd4 Ra6 34. Rh4+ Rh6 35. Rxh6+ gxh6 36. c5 Kg6 37. c6 Kf6 38.
c7 Ke7 39. c8=Q Kd6 40. Qc4 Ke7 41. d4 Kd8 42. d5 Kd7 43. Qc6+ Ke7 44. d6+
Kd8 45. Qc7+ Ke8 46. d7+ Ke7 47. d8=Q+ Ke6 48. Qdd6+ Kf5 49. Qcc5+ Ke4 50.
Qdd4# {Black checkmated} 1-0

[Event "ICC tourney 3043 (15 5)"]
[Site "Internet Chess Club"]
[Date "2022.10.30"]
[Round "6"]
[White "TIANYU SONG, RICHARD:RichardSong-W"]
[Black "KAIZHE HSIAO, LUCAS:LucasHsiao-W"]
[Result "1-0"]
[ICCResult "Black checkmated"]
[WhiteElo "264"]
[BlackElo "412"]
[Opening "Four knights game"]
[ECO "C47"]
[NIC "KP.06"]
[Time "17:30:42"]
[PlyCount "91"]
[TimeControl "900+5"]

1. e4 e5 2. Nf3 Nc6 3. Nc3 Nf6 4. d3 d5 5. exd5 Nxd5 6. Nxd5 Qxd5 7. d4 exd4
8. b3 Bg4 9. c4 Qe4+ 10. Be2 Bxf3 11. gxf3 Qf5 12. Rg1 O-O-O 13. f4 Qe6 14.
Rb1 d3 15. Qxd3 Rxd3 16. Be3 Rxe3 17. fxe3 Qxe3 18. Rd1 Qxg1+ 19. Kd2 Bb4+
20. Kd3 Rd8+ 21. Kc2 Re8 22. Rxg1 Rxe2+ 23. Kd3 Rd2+ 24. Ke3 Nd4 25. Rxg7
Nc2+ 26. Kf3 Rd3+ 27. Kg4 Ne3+ 28. Kh4 Be7+ 29. Kh5 Nf5 30. Rg8+ Kd7 31. Rb8
Rh3+ 32. Kg4 Rxh2 33. Kxf5 Rh5+ 34. Kg4 Rh4+ 35. Kf5 Kd6 36. Rxb7 c5 37.
Rxa7 Rh1 38. Ra6+ Kd7 39. Ra7+ Kd8 40. Ke5 h5 41. Kd5 h4 42. Kc6 h3 43. f5
h2 44. f6 Bxf6 45. Kd6 Rg1 46. Ra8# {Black checkmated} 1-0

[Event "ICC tourney 3043 (15 5)"]
[Site "Internet Chess Club"]
[Date "2022.10.30"]
[Round "6"]
[White "RUIYI SONG, EMILY:EmilySong-W"]
[Black "SHANGYUAN TAO, SAM:SamTao-W"]
[Result "1-0"]
[ICCResult "Black resigns"]
[WhiteElo "743"]
[BlackElo "501"]
[Opening "French defense"]
[ECO "C00"]
[NIC "FR.01"]
[Time "17:30:28"]
[PlyCount "51"]
[TimeControl "900+5"]

1. e4 e6 2. Nf3 d5 3. e5 c5 4. c3 Nc6 5. Bb5 Bd7 6. Bxc6 Bxc6 7. d4 Qb6 8.
O-O Ne7 9. b3 Nf5 10. h3 Be7 11. Be3 Nxe3 12. fxe3 f6 13. Nbd2 O-O 14. c4
fxe5 15. Nxe5 Rxf1+ 16. Qxf1 Rf8 17. Qd1 Bf6 18. Nxc6 Qxc6 19. Nf3 cxd4 20.
Nxd4 Qb6 21. Qg4 e5 22. Ne6 Qxe3+ 23. Kh2 Re8 24. Nc7 Re7 25. Nxd5 Rd7 26.
Nxe3 {Black resigns} 1-0

[Event "ICC tourney 3043 (15 5)"]
[Site "Internet Chess Club"]
[Date "2022.10.30"]
[Round "6"]
[White "ZHEN JR, ANDREW:AndrewZhen-W"]
[Black "ZHIJIA HUANG, ALAN:AlanHuang-W"]
[Result "1-0"]
[ICCResult "Black checkmated"]
[WhiteElo "827"]
[BlackElo "591"]
[Opening "Scandinavian (center counter) defense"]
[ECO "B01"]
[NIC "SD.02"]
[Time "17:30:20"]
[PlyCount "41"]
[TimeControl "900+5"]

1. e4 d5 2. exd5 Qxd5 3. Nc3 Qd7 4. Nf3 Nf6 5. Bc4 e6 6. O-O Bd6 7. d3 h6 8.
Be3 O-O 9. h3 Qc6 10. Nd4 Qd7 11. Qf3 Nc6 12. Bxh6 Be5 13. Nxc6 bxc6 14. Bd2
Bxc3 15. Bxc3 Re8 16. Bxf6 gxf6 17. Qxf6 Kf8 18. Rfe1 Bb7 19. Re4 c5 20. Rh4
Bxg2 21. Rh8# {Black checkmated} 1-0

[Event "ICC tourney 3043 (15 5)"]
[Site "Internet Chess Club"]
[Date "2022.10.30"]
[Round "6"]
[White "XIE, RICKY:RickyXie-W"]
[Black "ZHANG, ALINA:AlinaZhang-W"]
[Result "1-0"]
[ICCResult "Black checkmated"]
[WhiteElo "393"]
[BlackElo "269"]
[Opening "Giuoco Pianissimo: Italian four knights variation"]
[ECO "C25"]
[NIC "VG.04"]
[Time "17:30:34"]
[PlyCount "49"]
[TimeControl "900+5"]

1. e4 e5 2. Nc3 Nc6 3. Bc4 Bc5 4. Nf3 Nf6 5. d3 h6 6. h3 O-O 7. Be3 Bb6 8.
d4 exd4 9. Nxd4 Nxd4 10. e5 Nh5 11. Bxd4 Bxd4 12. Qxd4 d6 13. O-O-O Qg5+ 14.
Kb1 Qxg2 15. Rhg1 Qxh3 16. exd6 cxd6 17. Nd5 Qg4 18. Rxg4 Bxg4 19. Qxg4 Rfe8
20. Qxh5 Re5 21. Qf3 Rae8 22. a3 g6 23. Nf6+ Kf8 24. Nxe8 Rxe8 25. Qxf7#
{Black checkmated}
1-0

[Event "ICC tourney 3043 (15 5)"]
[Site "Internet Chess Club"]
[Date "2022.10.30"]
[Round "6"]
[White "DENG, CHUTONG:ChutongDeng-W"]
[Black "ZHOU, JERRY:JerryZhou-W"]
[Result "1-0"]
[ICCResult "Black checkmated"]
[WhiteElo "383"]
[BlackElo "211"]
[Opening "Four knights: Spanish variation"]
[ECO "C48"]
[NIC "KP.03"]
[Time "17:30:28"]
[PlyCount "117"]
[TimeControl "900+5"]

1. e4 e5 2. Nf3 Nc6 3. Nc3 Nf6 4. Bb5 d6 5. d3 h6 6. h3 Bd7 7. Bxc6 Bxc6 8.
O-O d5 9. exd5 Nxd5 10. Nxe5 Nxc3 11. bxc3 Bd7 12. Re1 Be7 13. Ba3 O-O 14.
Bxe7 Qxe7 15. Ng6 Qg5 16. Nxf8 Bxh3 17. Qf3 Bg4 18. Qg3 Rxf8 19. Re5 Qg6 20.
Re4 Bf5 21. Qxg6 Bxg6 22. Re3 c5 23. Rae1 b6 24. Re8 Rxe8 25. Rxe8+ Kh7 26.
Ra8 a5 27. Rb8 f5 28. Rxb6 Bf7 29. Rb5 Bxa2 30. Rxa5 Bd5 31. Rxc5 Be6 32. d4
f4 33. d5 Bxd5 34. Rxd5 g5 35. Rd7+ Kg6 36. Rd6+ Kf5 37. Rd5+ Ke4 38. Rd6
Ke5 39. Rxh6 g4 40. Rg6 Kf5 41. Rh6 Kg5 42. Rh1 Kf5 43. c4 Ke5 44. Rh4 Kd4
45. Rxg4 Kxc4 46. Rxf4+ Kc3 47. Re4 Kxc2 48. Re3 Kd2 49. g3 Kd1 50. g4 Kd2
51. g5 Kd1 52. g6 Kd2 53. g7 Kd1 54. g8=Q Kd2 55. Qd8+ Kc2 56. Re7 Kc3 57.
Rc7+ Kb4 58. Qb8+ Ka5 59. Ra7# {Black checkmated} 1-0

[Event "ICC tourney 3043 (15 5)"]
[Site "Internet Chess Club"]
[Date "2022.10.30"]
[Round "6"]
[White "LIU, CLARK:ClarkLiu-W"]
[Black "HE, ELSA:ElsaHe-W"]
[Result "0-1"]
[ICCResult "White resigns"]
[WhiteElo "222"]
[BlackElo "103"]
[Opening "Four knights: Spanish variation"]
[ECO "C48"]
[NIC "KP.03"]
[Time "17:31:13"]
[PlyCount "66"]
[TimeControl "900+5"]

1. e4 e5 2. Nf3 Nc6 3. Nc3 Nf6 4. Bb5 d6 5. Bxc6+ bxc6 6. O-O Be7 7. d3 Bg4
8. Bg5 h6 9. Bxf6 Bxf6 10. h3 Bxf3 11. Qxf3 O-O 12. Ne2 a5 13. Ng3 Bg5 14.
Nh5 g6 15. Nf6+ Qxf6 16. Qg4 h5 17. Qd7 Rfd8 18. Qxc7 c5 19. Rae1 Rac8 20.
Qb7 Rd7 21. Qxc8+ Qd8 22. Qc6 f6 23. Qd5+ Kg7 24. Qe6 Bd2 25. Re3 Bxe3 26.
Re1 Bd2 27. Re2 Bf4 28. g3 Bc1 29. f4 exf4 30. gxf4 Bxf4 31. Rf2 Be3 32.
Qxf6+ Qxf6 33. Kf1 Bxf2 {White resigns} 0-1

[Event "ICC tourney 3043 (15 5)"]
[Site "Internet Chess Club"]
[Date "2022.10.30"]
[Round "6"]
[White "XIA, RYAN:RyanXia-W"]
[Black "LIEN, ISAAC:IsaacLien-W"]
[Result "0-1"]
[ICCResult "White checkmated"]
[WhiteElo "586"]
[BlackElo "683"]
[Opening "Two knights defense"]
[ECO "C58"]
[NIC "KP.01"]
[Time "17:30:25"]
[PlyCount "42"]
[TimeControl "900+5"]

1. e4 e5 2. Nf3 Nc6 3. Bc4 Nf6 4. Ng5 d5 5. exd5 Na5 6. Bb5+ c6 7. dxc6 bxc6
8. Bd3 h6 9. Ne4 Be6 10. Nxf6+ Qxf6 11. O-O Bd6 12. Be4 Bd5 13. Bd3 Qg5 14.
g3 O-O 15. c3 e4 16. Bc2 Qf5 17. d4 Qh3 18. Re1 e3 19. f3 Bxg3 20. Rxe3
Qxh2+ 21. Kf1 Qf2# {White checkmated} 0-1

[Event "ICC tourney 3043 (15 5)"]
[Site "Internet Chess Club"]
[Date "2022.10.30"]
[Round "6"]
[White "XIHAO NING, SEAN:SeanNing-W"]
[Black "YATYUET LIN, HANNAH:HannahLin-W"]
[Result "1/2-1/2"]
[ICCResult "White stalemated"]
[WhiteElo "418"]
[BlackElo "328"]
[Opening "Giuoco Pianissimo"]
[ECO "C55"]
[NIC "IG.01"]
[Time "17:30:34"]
[PlyCount "66"]
[TimeControl "900+5"]

1. e4 e5 2. Nf3 Nc6 3. Bc4 Nf6 4. d3 Bc5 5. O-O h6 6. Nc3 d6 7. h3 a6 8. a3
O-O 9. b4 Ba7 10. Nd5 Nxd5 11. Bxd5 Bd7 12. c3 Qe8 13. Nh4 Be6 14. c4 Bxd5
15. Qg4 g6 16. Bxh6 Bd4 17. Nxg6 fxg6 18. Qxg6+ Qxg6 19. Rae1 Qxh6 20. cxd5
Ne7 21. a4 c6 22. dxc6 Nxc6 23. b5 axb5 24. axb5 Nb4 25. b6 Nxd3 26. Rd1
Bxf2+ 27. Rxf2 Nxf2 28. Rf1 Nd3 29. Rf3 Rxf3 30. gxf3 Qxh3 31. f4 Qe3+ 32.
Kg2 Nxf4+ 33. Kf1 Rc8 {White stalemated} 1/2-1/2

[Event "ICC tourney 3043 (15 5)"]
[Site "Internet Chess Club"]
[Date "2022.10.30"]
[Round "6"]
[White "AMY SONG, XINWEI:AmySong-W"]
[Black "SHAO, LUCAS:LucasShao-W"]
[Result "0-1"]
[ICCResult "White resigns"]
[WhiteElo "398"]
[BlackElo "645"]
[Opening "Giuoco Piano: four knights variation"]
[ECO "C55"]
[NIC "IG.01"]
[Time "17:30:19"]
[PlyCount "112"]
[TimeControl "900+5"]

1. e4 e5 2. Nf3 Nc6 3. Bc4 Nf6 4. Nc3 Bc5 5. O-O d6 6. h3 Be6 7. Bxe6 fxe6
8. d3 O-O 9. Bg5 Qe8 10. Nb5 Qf7 11. Bxf6 Qxf6 12. Nxc7 Rac8 13. Nb5 a6 14.
Nc3 Nd4 15. Nxd4 Bxd4 16. Qd2 b5 17. a3 Bxc3 18. bxc3 d5 19. a4 Rfd8 20.
exd5 exd5 21. axb5 axb5 22. d4 exd4 23. Qxd4 Qxd4 24. cxd4 Rxc2 25. Rab1 Rb8
26. Rfe1 Kf7 27. Re5 b4 28. Rxd5 Ke7 29. Re5+ Kd6 30. Ree1 b3 31. g4 b2 32.
Kg2 Rf8 33. Rf1 Kd5 34. Rbd1 Rf4 35. Kg3 Rxd4 36. Rb1 Rd3+ 37. Kh4 h6 38.
Kh5 Rxh3+ 39. Kg6 Rh2 40. f3 Kc4 41. Kxg7 Kb3 42. f4 Rhf2 43. Rxf2 Rxf2 44.
Kxh6 Ka2 45. Rxb2+ Kxb2 46. f5 Kc3 47. Kg6 Kd4 48. f6 Ke5 49. f7 Ke6 50. Kh6
Rxf7 51. g5 Rf1 52. g6 Rh1+ 53. Kg5 Rg1+ 54. Kh6 Kf6 55. g7 Rxg7 56. Kh5 Rg8
{White resigns}
0-1

[Event "ICC tourney 3043 (15 5)"]
[Site "Internet Chess Club"]
[Date "2022.10.30"]
[Round "6"]
[White "TIAN, RICHARD:RichardTian-W"]
[Black "FAN, RAPHAEL:RaphaelFan-W"]
[Result "0-1"]
[ICCResult "White checkmated"]
[WhiteElo "138"]
[BlackElo "267"]
[Opening "King's pawn game"]
[ECO "C50"]
[NIC "IG.03"]
[Time "17:31:09"]
[PlyCount "92"]
[TimeControl "900+5"]

1. e4 e5 2. Nf3 Nc6 3. Bc4 h6 4. O-O Nf6 5. Nc3 Bb4 6. h3 d6 7. a3 O-O 8.
axb4 Re8 9. b5 Be6 10. Bxe6 Rxe6 11. bxc6 bxc6 12. d4 d5 13. exd5 exd4 14.
Ne4 cxd5 15. Nxf6+ Rxf6 16. Qxd4 c6 17. Bf4 Rf5 18. Rxa7 Rxa7 19. Qxa7 Rxf4
20. b4 Rxb4 21. c3 Rb3 22. Qd4 Qd6 23. Qd3 d4 24. Ra1 g6 25. Rb1 Rxb1+ 26.
Qxb1 dxc3 27. Qc1 Qc5 28. Qxh6 c2 29. Qc1 g5 30. Nxg5 f6 31. Ne6 Qc3 32. Nf4
f5 33. Ne2 Qc4 34. Nd4 Qxd4 35. Qxc2 c5 36. g4 c4 37. gxf5 c3 38. f6 Kf7 39.
h4 Qd2 40. Qb3+ Kxf6 41. h5 c2 42. Kg2 c1=Q 43. h6 Qce1 44. h7 Qe4+ 45. Kf1
Qxh7 46. f4 Qh1# {White checkmated} 0-1

[Event "ICC tourney 3043 (15 5)"]
[Site "Internet Chess Club"]
[Date "2022.10.30"]
[Round "6"]
[White "FAN, MICHAEL:MichaelFan-W"]
[Black "GUO LI, EDWARD:EdwardLi-W"]
[Result "0-1"]
[ICCResult "White checkmated"]
[WhiteElo "225"]
[BlackElo "688"]
[Opening "Giuoco Piano"]
[ECO "C50"]
[NIC "IG.02"]
[Time "17:30:31"]
[PlyCount "64"]
[TimeControl "900+5"]

1. e4 e5 2. Nf3 Nc6 3. Bc4 Bc5 4. O-O d6 5. d3 Bg4 6. h3 Bh5 7. c3 Nf6 8. d4
exd4 9. cxd4 Bb6 10. Nc3 h6 11. Qd3 Bxf3 12. Qxf3 Nxd4 13. Qd3 O-O 14. Qg3
Nh5 15. Ne2 Nxe2+ 16. Bxe2 Nxg3 17. Re1 Nxe2+ 18. Rxe2 Re8 19. Be3 Bxe3 20.
Rxe3 Re6 21. f4 Qe8 22. Rae1 Qe7 23. f5 Re5 24. Kf2 Re8 25. Kf3 d5 26. exd5
Rxe3+ 27. Rxe3 Qxe3+ 28. Kg4 Qe4+ 29. Kg3 Qxf5 30. b4 Re3+ 31. Kh2 Qf4+ 32.
Kg1 Re1# {White checkmated} 0-1

[Event "ICC tourney 3043 (15 5)"]
[Site "Internet Chess Club"]
[Date "2022.10.30"]
[Round "6"]
[White "YOUZHUO, RAYMOND:Raymondshi-W"]
[Black "YI, JEMERY:JemeryYi-W"]
[Result "1-0"]
[ICCResult "Black checkmated"]
[WhiteElo "872"]
[BlackElo "962"]
[Opening "Caro-Kann: exchange variation"]
[ECO "B13"]
[NIC "CK.02"]
[Time "17:30:27"]
[PlyCount "41"]
[TimeControl "900+5"]

1. e4 c6 2. d4 d5 3. exd5 cxd5 4. Nf3 Nc6 5. Nc3 Nf6 6. Bb5 Bd7 7. Bf4 e6 8.
O-O Be7 9. h3 O-O 10. Re1 a6 11. Bd3 Nh5 12. Be5 Nxe5 13. Nxe5 Nf6 14. Re3
Bd6 15. Rg3 Qc7 16. f4 Bc6 17. Qf3 Nd7 18. Qg4 g6 19. Bxg6 Nf6 20. Bxf7+ Kh8
21. Qg7# {Black checkmated} 1-0

[Event "ICC tourney 3043 (15 5)"]
[Site "Internet Chess Club"]
[Date "2022.10.30"]
[Round "6"]
[White "ZHEN JR, DANIEL:DanielZhen-W"]
[Black "HE, ANNA:AnnaHe-W"]
[Result "1-0"]
[ICCResult "Black checkmated"]
[WhiteElo "470"]
[BlackElo "333"]
[Opening "two knights defense: Fegatello attack"]
[ECO "C57"]
[NIC "KP.01"]
[Time "17:30:33"]
[PlyCount "73"]
[TimeControl "900+5"]

1. e4 e5 2. Nf3 Nc6 3. Bc4 Nf6 4. Ng5 d5 5. exd5 Nxd5 6. Nxf7 Kxf7 7. Qf3+
Ke8 8. Bxd5 Be6 9. Bxe6 Nd4 10. Qh5+ g6 11. Qxe5 Nxe6 12. Qxe6+ Be7 13. d3
Rf8 14. Bh6 Rf6 15. Qg8+ Bf8 16. Bxf8 Rxf8 17. Qb3 Qe7+ 18. Kd2 Qg5+ 19. Kc3
Qf6+ 20. d4 Qxf2 21. Nd2 Qxg2 22. Rhe1+ Kd8 23. Nc4 Rf3+ 24. Re3 Rxe3+ 25.
Nxe3 Qxh2 26. Qd5+ Qd6 27. Qg8+ Kd7 28. Qxa8 Qc6+ 29. Nc4 Qf3+ 30. Kb4 h5
31. Ne5+ Ke6 32. Nxf3 g5 33. Nxg5+ Kf5 34. Rf1+ Kxg5 35. Qg8+ Kh6 36. Rh1 h4
37. Rxh4# {Black checkmated} 1-0

[Event "ICC tourney 3043 (15 5)"]
[Site "Internet Chess Club"]
[Date "2022.10.30"]
[Round "6"]
[White "YEE, EMMA:EmmaYee-W"]
[Black "SHANYUAN LI, SIMON:SimonLi-W"]
[Result "0-1"]
[ICCResult "White checkmated"]
[WhiteElo "196"]
[BlackElo "622"]
[Opening "Four knights: Spanish, classical defense"]
[ECO "C48"]
[NIC "KP.03"]
[Time "17:30:23"]
[PlyCount "98"]
[TimeControl "900+5"]

1. e4 e5 2. Nf3 Nc6 3. Nc3 Nf6 4. Bb5 Bc5 5. Bxc6 bxc6 6. Nxe5 d6 7. Nf3 Bg4
8. h3 Bh5 9. g4 Bg6 10. d4 Bb4 11. e5 dxe5 12. dxe5 Bxc3+ 13. Ke2 Qxd1+ 14.
Rxd1 Ne4 15. bxc3 Nxc3+ 16. Ke1 Nxd1 17. Kxd1 O-O 18. e6 fxe6 19. Ne5 Rxf2
20. c3 Rd8+ 21. Ke1 Rh2 22. Nf3 Rxh3 23. Ng5 Rh1+ 24. Ke2 Rdd1 25. Bb2 Rxa1
26. Bxa1 Rxa1 27. Nxe6 Rxa2+ 28. Ke3 a5 29. Nxc7 a4 30. Na6 Rb2 31. Kd4 a3
32. Nb4 Rxb4+ 33. cxb4 a2 34. Kc3 a1=Q+ 35. Kb3 Qb1+ 36. Ka3 Qd3+ 37. Ka4
Qd1+ 38. Ka3 Qxg4 39. Ka4 h5 40. Ka5 h4 41. b5 cxb5 42. Kxb5 h3 43. Kc6 h2
44. Kd6 h1=Q 45. Ke7 Qe1+ 46. Kd6 Qd4+ 47. Kc7 Qc1+ 48. Kb7 Qb4+ 49. Ka6
Qa1# {White checkmated} 0-1

[Event "ICC tourney 3043 (15 5)"]
[Site "Internet Chess Club"]
[Date "2022.10.30"]
[Round "6"]
[White "CHONG, JACK:JackChong-W"]
[Black "LI, MARY:MaryLi-W"]
[Result "1-0"]
[ICCResult "Black checkmated"]
[WhiteElo "803"]
[BlackElo "527"]
[Opening "Four knights: Italian variation"]
[ECO "C55"]
[NIC "IG.01"]
[Time "17:30:44"]
[PlyCount "55"]
[TimeControl "900+5"]

1. e4 e5 2. Nf3 Nc6 3. Bc4 Nf6 4. Nc3 Bb4 5. d3 Bxc3+ 6. bxc3 h6 7. O-O d6
8. h3 O-O 9. Re1 a6 10. d4 exd4 11. cxd4 Re8 12. Bb2 Nxe4 13. Qd3 d5 14. Bb3
Nb4 15. Qd1 c6 16. a3 Nxc2 17. Qxc2 Bf5 18. Qd1 Qd6 19. Ne5 f6 20. f3 Ng3
21. Nd3 Bxd3 22. Qxd3 Qf4 23. Qg6 Rxe1+ 24. Rxe1 Nf5 25. Bc3 Ne7 26. Rxe7
Qc1+ 27. Kh2 Qxc3 28. Qxg7# {Black checkmated} 1-0

[Event "ICC tourney 3043 (15 5)"]
[Site "Internet Chess Club"]
[Date "2022.10.30"]
[Round "6"]
[White "TIAN, RENA:RenaTian-W"]
[Black "CHEN, ALEXANDER:AlexanderChen-W"]
[Result "1/2-1/2"]
[ICCResult "Game drawn by mutual agreement"]
[WhiteElo "151"]
[BlackElo "395"]
[Opening "Giuoco Piano: four knights variation"]
[ECO "C46"]
[NIC "KP.06"]
[Time "17:31:13"]
[PlyCount "54"]
[TimeControl "900+5"]

1. e4 e5 2. Nf3 Nc6 3. Nc3 Bc5 4. Bc4 Nf6 5. h3 O-O 6. O-O d6 7. d3 Be6 8.
Bxe6 fxe6 9. Bg5 h6 10. Bxf6 Qxf6 11. a3 Rae8 12. b4 Bb6 13. Nb5 Nd4 14.
Nfxd4 Bxd4 15. Nxd4 exd4 16. Qg4 Qg5 17. Qxg5 hxg5 18. g3 Rf3 19. Kg2 Ref8
20. h4 gxh4 21. Rh1 hxg3 22. Rh4 Rxf2+ 23. Kh3 Rh2+ 24. Kxg3 Rff2 25. Rg1
Rxc2 26. Rxh2 Rxh2 27. Rf1 Ra2 {Game drawn by mutual agreement} 1/2-1/2

[Event "ICC tourney 3043 (15 5)"]
[Site "Internet Chess Club"]
[Date "2022.10.30"]
[Round "6"]
[White "LI, BENNETT:BennettLi-W"]
[Black "ROSS, PHILIP:PhilipRoss-W"]
[Result "0-1"]
[ICCResult "White resigns"]
[WhiteElo "757"]
[BlackElo "876"]
[Opening "Scotch gambit: Dubois-Réti defense"]
[ECO "C55"]
[NIC "KP.02"]
[Time "17:30:41"]
[PlyCount "60"]
[TimeControl "900+5"]

1. e4 e5 2. Nf3 Nc6 3. Bc4 Nf6 4. d4 exd4 5. e5 d5 6. Bb3 Ng4 7. O-O Ngxe5
8. Nxd4 Nxd4 9. Qxd4 Bd6 10. Bxd5 c6 11. Bb3 Nf3+ 12. gxf3 Bxh2+ 13. Kxh2
Qxd4 14. Re1+ Kf8 15. Be3 Qh4+ 16. Kg1 Be6 17. Bc5+ Ke8 18. Bxe6 fxe6 19.
Rxe6+ Kf7 20. Re5 Rae8 21. Rxe8 Rxe8 22. Be3 Qh3 23. Nd2 Re6 24. Ne4 h6 25.
Rd1 Rg6+ 26. Ng3 Rxg3+ 27. fxg3 Qxg3+ 28. Kh1 Qxf3+ 29. Kh2 Qxd1 30. c3 Qe2+
{White resigns}
0-1